 Dungeon Crawl Stone Soup version 0.23-a0-326-gb49dddc804 (webtiles) character file.

2070 Napalmbreeze the Chiller (level 9, -2/71 HPs)
             Began as a Barachi Ice Elementalist on Oct 16, 2018.
             Was a Believer of Sif Muna.
             Slain by a hippogriff (6 damage)
             ... on level 8 of the Dungeon.
             The game lasted 00:22:56 (11249 turns).

Napalmbreeze the Chiller (BaIE)                    Turns: 11249, Time: 00:22:56

Health: -2/71      AC:  4    Str:  9    XL:     9   Next: 26%
Magic:  6/17       EV: 12    Int: 19    God:    Sif Muna [**....]
Gold:   294        SH:  4    Dex: 13    Spells: 10/19 levels left

rFire    . . .     SeeInvis .   p - +2 dagger (venom)
rCold    + . .     Gourm    +   j - +0 buckler
rNeg     . . .     Faith    .   a - +0 robe
rPois    .         Spirit   .   F - +0 helmet
rElec    .         Reflect  .   (no cloak)
rCorr    .         Harm     .   B - +0 pair of gloves
MR       .....                  (no boots)
Stlth    +.........             v - amulet of the gourmand
HPRegen  0.21/turn              b - ring of ice
MPRegen  0.15/turn              C - ring of protection from fire

@: can't hop, very slightly contaminated, very heavily drained, slow
A: +LOS, swims, slowness 1, strong legs 1
a: Hop, Divine Energy, Renounce Religion


You were on level 8 of the Dungeon.
You worshipped Sif Muna.
Sif Muna was pleased with you.
You were not hungry.

You visited 2 branches of the dungeon, and saw 9 of its levels.

You collected 294 gold pieces.

Inventory:

Hand Weapons
 k - a +2 dagger of holy wrath
 p - a +2 dagger of venom (weapon)
Armour
 a - a +0 robe (worn)
 j - a +0 buckler (worn)
 B - a +0 pair of gloves (worn)
 F - a +0 helmet (worn)
Magical Staves
 E - an uncursed staff of conjuration
Jewellery
 b - a ring of ice (left hand)
 v - an amulet of the gourmand (around neck)
 y - an uncursed amulet of magic regeneration
 C - a ring of protection from fire (right hand)
Wands
 g - a wand of iceblast (4)
 D - a wand of disintegration (7)
Scrolls
 d - 3 scrolls of teleportation
 l - 12 scrolls of identify {unknown}
 m - 5 scrolls of fear {unknown}
 n - a scroll of immolation
 q - a scroll of magic mapping {unknown}
 r - 2 scrolls of amnesia {unknown}
 t - a scroll of fog {unknown}
 u - a scroll of vulnerability {unknown}
 w - 2 scrolls of blinking {unknown}
Potions
 e - 2 potions of flight {unknown}
 f - a potion of might {unknown}
 h - a potion of brilliance {unknown}
 i - 2 potions of haste {unknown}
 o - 3 potions of curing
 s - a potion of resistance {unknown}
 x - a potion of lignification {unknown}
 z - 2 potions of degeneration {unknown}
Comestibles
 c - 5 rations


   Skills:
 + Level 6.4(3.2) Fighting
 - Level 5.0(1.9) Dodging
 - Level 1.7(0.0) Stealth
 - Level 4.1(1.0) Shields
 + Level 5.9(2.7) Spellcasting
 - Level 1.1(0.0) Conjurations
 + Level 4.4(1.4) Summonings
 + Level 7.6(4.2) Ice Magic


You had 10 spell levels left.
You knew the following spells:

 Your Spells              Type           Power        Failure   Level  Hunger
a - Freeze                Ice            ####         4%          1    None
s - Throw Icicle          Conj/Ice       ###.....     67%         4    ####...
w - Summon Ice Beast      Ice/Summ       ###.....     56%         4    ####...

Your spell library contained the following spells:

 Spells                   Type           Power        Failure   Level  Hunger
 Summon Small Mammal      Summ           #...         13%         1    None
 Throw Frost              Conj/Ice       ###...       14%         2    ##.....
 Call Imp                 Summ           #.......     19%         2    ##.....
 Infusion                 Chrm           #...         22%         1    None
 Pain                     Necr           #...         22%         1    None
 Ozocubu's Armour         Chrm/Ice       ###.....     28%         3    ###....
 Shroud of Golubria       Chrm/Tloc      #.........   34%         2    ##.....
 Song of Slaying          Chrm           #.......     34%         2    ##.....
 Call Canine Familiar     Summ           #.......     36%         3    ###....
 Summon Guardian Golem    Hex/Summ       #.......     45%         3    ###....
 Regeneration             Chrm/Necr      #.........   56%         3    ###....
 Spectral Weapon          Hex/Chrm       #.......     56%         3    ###....
 Summon Lightning Spire   Summ/Air       #.......     86%         4    ####...


Dungeon Overview and Level Annotations

Branches:
Dungeon (8/15)             Temple (1/1) D:4
   Lair: D:8-11

Altars:
Ashenzari
Cheibriados
Dithmenos
Elyvilon
Fedhas
Gozag
Hepliaklqana
Kikubaaqudgha
Makhleb
Nemelex Xobeh
Okawaru
Qazlal
Sif Muna
Trog
Uskayaw
Vehumet
Wu Jian
Xom
Yredelemnul
Zin
The Shining One

Shops:
D:4 !

Annotations:
D:3 exclusion: downstairs


Innate Abilities, Weirdness & Mutations

Shadows flee at your approach. (+LOS)
You can swim through water.
You cover ground slowly.
You can hop short distances.


Message History

The hippogriff pecks you.
* * * LOW HITPOINT WARNING * * *
You block the hippogriff's attack.
You hit the hippogriff.
The hippogriff is lightly wounded.
The hippogriff misses you. You block the hippogriff's attack.
The hippogriff claws you but does no damage.
You hit the hippogriff but do no damage.
The hippogriff is poisoned.
The hippogriff is lightly wounded.
The hippogriff bites you!
* * * LOW HITPOINT WARNING * * *
The hippogriff pecks you but does no damage.
The hippogriff misses you.
You block the small abomination's attack.
The small abomination closely misses you.
As you read the scroll labeled OCUAGR NEDDE, it crumbles to dust.
The creatures around you are filled with an inner flame!
It was a scroll of immolation.
The hippogriff bites you.
You die...

... ###
#### #.. #
#.####...#
#o..o.....
#H####....
#@#
.......xx#
########.#
..# ...
#... #.##
#. #.


You could see a hippogriff (inner flame), 2 small abominations and an orc (inner
flame).

Vanquished Creatures
  A hippogriff (D:7)
  3 ice beasts
  An ogre (D:4)
  A big kobold (D:7)
  2 bullfrogs (D:6)
  A wyvern zombie (D:6)
  A killer bee (D:8)
  2 wights (D:8)
  A howler monkey (D:5)
  A crimson imp (D:5)
  A gnoll shaman (D:5)
  A hound (D:6)
  2 iguanas
  5 orc wizards
  5 worker ants
  2 hound skeletons
  6 gnolls (D:5)
  A river rat (D:4)
  10 adders
  An ooze (D:3)
  An adder skeleton (D:6)
  3 worms
  5 dart slugs
  8 leopard geckos
  13 orcs
  3 giant cockroaches
  7 hobgoblins
  6 jackals (D:4)
  5 quokkas
  5 bats
  8 frilled lizards
  13 goblins
  A jackal skeleton (D:4)
  2 kobolds
  7 rats
  A butterfly (D:4)
136 creatures vanquished.

Vanquished Creatures (collateral kills)
  A hippogriff (D:7)
  Grinder (D:6)
  A phantom (D:7)
  An ogre (D:7)
  A centaur (D:7)
  A scorpion (D:8)
  2 wights (D:8)
  A jelly (D:7)
  2 hounds
  An iguana (D:7)
  An adder (D:6)
  An adder skeleton (D:7)
  2 kobolds (D:7)
  3 frilled lizards (D:6)
19 creatures vanquished.

Vanquished Creatures (others)
  A plant (D:6)
1 creature vanquished.

Grand Total: 156 creatures vanquished

Notes
Turn   | Place    | Note
-------+----------+-------------------------------------------
     0 | D:1      | Napalmbreeze the Barachi Ice Elementalist began the quest
                  | for the Orb.
     0 | D:1      | Reached XP level 1. HP: 13/13 MP: 3/3
   718 | D:1      | Reached XP level 2. HP: 17/20 MP: 0/5
   795 | D:1      | Reached skill level 1 in Fighting
  1575 | D:1      | Reached skill level 4 in Ice Magic
  1575 | D:1      | Reached XP level 3. HP: 26/26 MP: 6/6
  1986 | D:2      | Reached XP level 4. HP: 30/33 MP: 8/8
  1993 | D:2      | Learned a level 4 spell: Summon Ice Beast
  2024 | D:2      | Reached skill level 1 in Shields
  3268 | D:3      | Learned a level 4 spell: Throw Icicle
  3279 | D:3      | Reached XP level 5. HP: 37/38 MP: 9/9
  4161 | D:4      | Noticed an ogre
  4376 | D:4      | Found a staircase to the Ecumenical Temple.
  4387 | Temple   | Entered the Ecumenical Temple
  4486 | Temple   | Became a worshipper of Sif Muna the Loreminder
  4902 | D:4      | Noticed an ice beast
  4943 | D:4      | Killed an ice beast
  4943 | D:4      | Reached skill level 5 in Ice Magic
  4943 | D:4      | Reached XP level 6. HP: 13/47 MP: 11/11
  5469 | D:4      | Reached XP level 7. HP: 52/52 MP: 12/12
  5779 | D:4      | Found a deep blue altar of Sif Muna.
  5808 | D:4      | Identified Sif Muna's Guide on Sinister Magic
  6085 | D:4      | Found Kilisy Tiddo's Distillery.
  6341 | D:5      | Entered Level 5 of the Dungeon
  6491 | D:5      | Reached * piety under Sif Muna
  7653 | D:6      | Reached XP level 8. HP: 45/61 MP: 14/14
  8025 | D:6      | Reached skill level 6 in Ice Magic
  8226 | D:6      | Reached skill level 5 in Dodging
  8226 | D:6      | Reached skill level 1 in Summonings
  8301 | D:6      | Noticed Grinder
  8306 | D:6      | Paralysed by Grinder for 2 turns
  8328 | D:6      | Killed Grinder
  8864 | D:7      | Reached skill level 5 in Fighting
  9108 | D:7      | Reached skill level 5 in Spellcasting
  9339 | D:7      | Noticed a hippogriff
  9346 | D:7      | Killed a hippogriff
  9382 | D:7      | Reached skill level 7 in Ice Magic
  9387 | D:7      | Reached ** piety under Sif Muna
  9473 | D:7      | Reached XP level 9. HP: 29/69 MP: 11/17
 11249 | D:8      | Slain by a hippogriff

Vault maps used:
D:1:      eino_arrival_druids_welcome, hangedman_decor_growths
D:2:      first_ration
D:3:      dk_noncrumbling_4, kennysheep_generic_room_15
D:4:      minmay_temple_entry_butterflies, serial_shops, shop,
          gup_sewer_entry_spiral, abandoned_shop, led_sif_book
D:6:      minmay_lizard_king, uniq_grinder
D:8:      minmay_lair_entry_grove, chequers_serial_rivers_micro_c
Temple:   kilobyte_greek_temple

Skill      XL: |  1  2  3  4  5  6  7  8  9 |
---------------+----------------------------+-----
Fighting       | 1 2 3 4 5 6 |  6.4
Ice Magic      | 4 5 7 |  7.6
Dodging        | 3 4 5 |  5.0
Shields        | 1 2 3 4 |  4.1
Spellcasting   | 3 4 5 |  5.9
Summonings     | 3 4 |  4.4
Stealth        | |  1.7
Conjurations   | |  1.1

Action                   |  1- 3 |  4- 6 |  7- 9 || total
-------------------------+-------+-------+-------++-------
Melee: Dagger            |    53 |   166 |   327 ||   546
       Unarmed           |     1 |       |       ||     1
 Cast: Freeze            |    29 |    14 |    14 ||    57
       Summon Ice Beast  |       |       |    20 ||    20
 Abil: Hop               |     1 |     1 |     3 ||     5
  Use: Potion            |       |     1 |     5 ||     6
       Scroll            |       |       |     3 ||     3
 Stab: Sleeping          |     2 |     3 |     5 ||    10
       Distracted        |       |       |     2 ||     2
  Eat: Chunk             |     4 |    21 |    21 ||    46
Armor: Robe              |    18 |    30 |    47 ||    95
Dodge: Dodged            |    57 |   107 |   218 ||   382
Block: Buckler           |     2 |    25 |    78 ||   105

Table legend:
 A = Non-vault XP
 B = Vault XP
 C = Vault XP percentage of total XP
 D = Non-vault monster count
 E = Vault monster count
 F = Vault count percentage of total count
                 A         B        C        D         E       F
            +---------+---------+-------+---------+---------+-------
      Total |    2626 |     332 |  11.2 |     133 |      21 |  13.6
            +---------+---------+-------+---------+---------+-------
        D:1 |      40 |       0 |   0.0 |      20 |       0 |   0.0
        D:2 |     105 |       0 |   0.0 |      19 |       0 |   0.0
        D:3 |      63 |       2 |   3.1 |      20 |       1 |   4.8
        D:4 |     475 |     121 |  20.3 |      21 |       9 |  30.0
        D:5 |     306 |       0 |   0.0 |      15 |       0 |   0.0
        D:6 |     350 |     209 |  37.4 |       8 |      11 |  57.9
        D:7 |    1041 |       0 |   0.0 |      24 |       0 |   0.0
        D:8 |     246 |       0 |   0.0 |       6 |       0 |   0.0
            +---------+---------+-------+---------+---------+-------
